AoeStats
← Pr Hapi

Glade

510535124Analyzed
1v1 RM · 2d ago on Oct 1, 2026· 37m 31s· 2 players
Game mode
Random Map
Map size
Tiny (2 player)
Population
200
Speed
Normal
Resources
Standard
Victory
Conquest
Starting age
Dark Age
Ending age
Imperial Age
RankedLock teamsTeams togetherTeam positionsShared explorationLock speedFull tech treeHidden civsTurbo modeCheats
Victory
Defeat
🇩🇪 Wei · Germany
948
+18
🇫🇮 Franks · Finland
993
-18
MurderholesOP
11:34 Feudal Age
10:13 Loom
11:56 Man-at-Arms
13:06 Arson
13:55 Loom
20:34 Double-Bit Axe
23:23 Castle Age
22:58 Gold Mining
23:16 Stone Mining
23:13 Horse Collar
24:06 Bloodlines
24:36 Bow Saw
24:55 Light Cavalry
25:36 Husbandry
25:41 Heavy Plow
28:20 Fervor
31:14 Imperial Age
30:12 Fortified Wall
31:10 Wheelbarrow
30:56 Scale Barding Armor
30:43 Fletching
31:18 Ballistics
31:50 Sanctity
32:34 Heavy Hei Guang Cavalry
34:34 Theocracy
33:22 Capped Ram
35:33 Conscription
37:53 Ming Guang Armor
37:51 Hand Cart
37:22 Town Watch
37:05 Capped Ram
38:11 Forging
Pr Hapi
12:10 Feudal Age
17:28 Double-Bit Axe
17:35 Gold Mining
20:51 Castle Age
20:06 Scale Barding Armor
20:12 Forging
22:45 Iron Casting
23:17 Bow Saw
25:16 Husbandry
25:40 Chain Barding Armor
26:01 Wheelbarrow
25:41 Bow Saw
28:50 Gold Shaft Mining
35:19 Imperial Age
35:52 Hand Cart
35:25 Town Watch
Connection lost

Rejoining the realm…

Still unreachable

The connection could not be restored.

Session expired

The server has moved on; the page needs a fresh start.